 Dungeon Sprint DCSS version 0.24-a0-249-g2af7e83 (webtiles) character file.

Game seed: 14117486288151134903

169 MikeHunt the Covert (level 5, -3/67 HPs)
             Began as a Naga Assassin on Apr 13, 2019.
             Was an Initiate of Gozag.
             Slain by a spriggan
             ... wielding a +2 short sword of electrocution
              (16 damage)
             ... in the Dungeon (Sprint IV: "Fedhas' Mad Dash").
             The game lasted 00:01:37 (270 turns).

MikeHunt the Covert (Naga Assassin)                  Turns: 270, Time: 00:01:38

Health: -3/67      AC:  3    Str: 18    XL:     5   Next: 50%
Magic:  8/8        EV:  9    Int: 12    God:    Gozag
Gold:   272        SH:  0    Dex: 13    Spells: 4/4 levels left

rFire    . . .     SeeInvis +   a - +2 dagger
rCold    . . .     Gourm    .   (no shield)
rNeg     . . .     Faith    .   c - +0 robe
rPois    +         Spirit   .   (no helmet)
rElec    .         Reflect  .   d - +0 cloak
rCorr    .         Harm     .   (no gloves)
MR       .....     NoTele   +   (no barding)
Stlth    ..........             o - amulet of invisibility {+Inv}
HPRegen  0.21/turn              (no ring)
MPRegen  0.11/turn              (no ring)

@: berserking, very slightly contaminated, quick
A: large, see invisible, deformed body, poison resistance, slowness 2, slow
metabolism 1, spit poison 1, AC +1
a: Spit Poison, Potion Petition, Call Merchant, Bribe Branch, Renounce Religion,
Evoke Invisibility


You were in the Dungeon.
You worshipped Gozag.
Gozag was aware of your devotion.
You were not hungry.

You visited 1 branch You collected 272 gold pieces.

Inventory:

Hand Weapons
 a - a +2 dagger (weapon)
 b - a +0 blowgun
Missiles
 e - 8 poisoned needles
 f - 2 curare-tipped needles
Armour
 c - a +0 robe (worn)
 d - a +0 cloak (worn)
Jewellery
 o - the amulet of invisibility (around neck) {+Inv}
   (You found it in the Dungeon)

   [amulet of nothing]

   It lets you turn invisible.
Scrolls
 m - a scroll of blinking
Potions
 h - a potion of curing
 i - a potion of heal wounds
 j - a potion of haste
 k - 2 potions of magic
 p - a potion of flight {unknown}
Comestibles
 g - 2 rations


   Skills:
 - Level 2.0 Fighting
 + Level 7.2 Short Blades
 - Level 1.7 Throwing
 - Level 0.7 Dodging
 + Level 11.9 Stealth
 + Level 4.2 Evocations


You had 4 spell levels left.
You didn't know any spells.
Your spell library was empty.

Dungeon Overview and Level Annotations

Branches:
Dungeon (1/1)

Altars:
Cheibriados
Dithmenos
Elyvilon
Gozag
Hepliaklqana
Kikubaaqudgha
Makhleb
Nemelex Xobeh
Okawaru
Qazlal
Ru
Sif Muna
Trog
Uskayaw
Vehumet
Wu Jian
Xom
Yredelemnul
Zin
The Shining One
Beogh
Jiyva
Lugonu


Innate Abilities, Weirdness & Mutations

You cannot wear boots.
Your serpentine skin is tough. (AC +1)
You have supernaturally acute eyesight. (SInv)
Armour fits poorly on your strangely shaped body.
Your system is resistant to poisons. (rPois)
You cover ground very slowly.
You have a slow metabolism.
You can spit poison.


Message History

A red film seems to cover your vision as you go berserk!
You feel yourself moving faster!
You feel mighty!
You closely miss the spriggan.
The spriggan hits you with a +2 short sword of electrocution!
You are electrocuted!!
The scorpion barely misses you.
You are too injured to fight recklessly!
You are too injured to fight recklessly!
You miss the spriggan. You barely miss the spriggan.
The spriggan hits you with a +2 short sword of electrocution!
You hit the spriggan.
The spriggan is lightly wounded.
The scorpion closely misses you.
You barely miss the spriggan.
The spriggan is lightly wounded.
The spriggan hits you with a +2 short sword of electrocution!
* * * LOW HITPOINT WARNING * * *
You are electrocuted!
You die...
Your body crumbles into a pile of gold.

######################
#.⌠._._._._.⌠.#.isi..#
'.._._._._._..'.@#$ $
#..._._._._...#..# $$
#.._._._._._..#..# $
#._._._._._.⌠.####
############### $$ #
$$ $


You could see 2 spriggans and a scorpion.

Vanquished Creatures
  4 oklob saplings (D)
  A worker ant (D)
  A river rat (D)
  A rat (D)
7 creatures vanquished.

Notes
Turn   | Place    | Note
-------+----------+-------------------------------------------
     0 | D        | MikeHunt the Naga Assassin began the quest for the Orb.
     0 | D        | Reached XP level 1. HP: 19/19 MP: 1/1
    13 | D        | Reached skill level 7 in Stealth
    13 | D        | Reached XP level 2. HP: 13/26 MP: 2/2
   163 | D        | Noticed an oklob sapling
   164 | D        | Killed an oklob sapling
   164 | D        | Reached skill level 9 in Stealth
   164 | D        | Reached XP level 3. HP: 32/32 MP: 3/3
   167 | D        | Found the amulet of invisibility {+Inv}
   168 | D        | Reached skill level 5 in Short Blades
   168 | D        | Reached skill level 10 in Stealth
   168 | D        | Reached XP level 4. HP: 39/39 MP: 4/4
   185 | D        | Found an opulent altar of Gozag.
   185 | D        | Found a hazy altar of Hepliaklqana.
   185 | D        | Found a burning altar of Makhleb.
   185 | D        | Found a roughly hewn altar of Beogh.
   185 | D        | Found a sparkling altar of Nemelex Xobeh.
   185 | D        | Found a snail-covered altar of Cheibriados.
   185 | D        | Found a sacrificial altar of Ru.
   185 | D        | Found a deep blue altar of Sif Muna.
   185 | D        | Found a shimmering altar of Xom.
   185 | D        | Found a basalt altar of Yredelemnul.
   186 | D        | Found a viscous altar of Jiyva.
   186 | D        | Found a bloodstained altar of Trog.
   186 | D        | Found an ornate altar of the Wu Jian Council.
   186 | D        | Noticed an oklob sapling priest
   187 | D        | Found an iron altar of Okawaru.
   187 | D        | Found a shadowy altar of Dithmenos.
   187 | D        | Found a glowing silver altar of Zin.
   188 | D        | Found an ancient bone altar of Kikubaaqudgha.
   188 | D        | Found a hide-covered altar of Uskayaw.
   189 | D        | Found a stormy altar of Qazlal.
   189 | D        | Found a white marble altar of Elyvilon.
   189 | D        | Found a glowing golden altar of the Shining One.
   190 | D        | Became a worshipper of Gozag Ym Sagoz the Greedy
   191 | D        | Found a radiant altar of Vehumet.
   191 | D        | Found a corrupted altar of Lugonu.
   194 | D        | Killed an oklob sapling priest
   194 | D        | Reached skill level 11 in Stealth
   206 | D        | Reached XP level 5. HP: 45/45 MP: 4/7
   270 | D        | Slain by a spriggan

Levels and vault maps discovered:
D:        dungeon_sprint_fedhas [sprint_temple]

Skill      XL: |  1  2  3  4  5 |
---------------+----------------+-----
Short Blades   | 3 4 5 6 7 |  7.2
Stealth        | 7 9 10 11 | 11.9
Evocations     | 3 4 |  4.2
Fighting       | |  2.0
Throwing       | |  1.7
Dodging        | |  0.7

Action                   |  1- 3 |  4- 6 || total
-------------------------+-------+-------++-------
Melee: Dagger            |     6 |     8 ||    14
 Abil: Spit Poison       |     2 |       ||     2
       Evoke Invisibilit |       |     1 ||     1
  Use: Potion            |       |     1 ||     1
 Stab: Sleeping          |     3 |     3 ||     6
Dodge: Dodged            |     2 |     2 ||     4

Table legend:
 A = Non-vault XP
 B = Vault XP
 C = Vault XP percentage of total XP
 D = Non-vault monster count
 E = Vault monster count
 F = Vault count percentage of total count
                 A         B        C        D         E       F
            +---------+---------+-------+---------+---------+-------
      Total |       0 |     242 | 100.0 |       0 |       7 | 100.0
            +---------+---------+-------+---------+---------+-------
          D |       0 |     242 | 100.0 |       0 |       7 | 100.0
            +---------+---------+-------+---------+---------+-------
